 Dungeon Crawl Stone Soup version 0.28.0 (webtiles) character file.

Game seed: 15574324596707431291

1581 GrayStillPlays the Shield-Bearer (level 8, -1/67 HPs)
             Began as a Gnoll Fighter on Feb 16, 2022.
             Was an Initiate of Okawaru.
             Slain by an orc warrior (2 damage)
             ... on level 7 of the Dungeon.
             The game lasted 00:08:52 (8170 turns).

GrayStillPlays the Shield-Bearer (Gnoll Fighter)    Turns: 8170, Time: 00:08:53

Health: -1/67      AC:  8    Str: 17    XL:     8   Next: 91%
Magic:  13/13      EV: 10    Int:  9    God:    Okawaru [......]
Gold:   252        SH:  5    Dex: 11    Spells: 14/14 levels left

rFire   . . .      SeeInvis .   a - +0 war axe {axe}
rCold   . . .      Faith    .   c - +0 buckler
rNeg    . . .      Spirit   .   b - +0 scale mail
rPois   .          Reflect  .   (no helmet)
rElec   .          Harm     .   (no cloak)
rCorr   .          Rampage  .   (no gloves)
Will    .....                   (no boots)
Stlth   +.........              (no amulet)
HPRegen 0.21/turn               (no ring)
MPRegen 0.13/turn               (no ring)

@: no status effects
A: fangs 1, strong nose, distributed training
a: Renounce Religion


You were on level 7 of the Dungeon.
You worshipped Okawaru.
Okawaru was noncommittal.
You visited 2 branches of the dungeon, and saw 8 of its levels.
You also visited: Sewer.

You collected 252 gold pieces.


Innate Abilities, Weirdness & Mutations

You have very sharp teeth.
Your uncanny sense of smell can sniff out nearby items.
Your experience applies equally to all skills.


   Skills:
 + Level 7.6 Fighting
 + Level 3.6 Short Blades
 + Level 3.6 Long Blades
 + Level 5.9 Axes
 + Level 3.6 Maces & Flails
 + Level 3.6 Polearms
 + Level 3.6 Staves
 + Level 3.6 Slings
 + Level 3.6 Bows
 + Level 3.6 Crossbows
 + Level 3.6 Throwing
 + Level 7.6 Armour
 + Level 3.6 Dodging
 + Level 3.6 Stealth
 + Level 7.6 Shields
 + Level 3.6 Unarmed Combat
 + Level 3.6 Spellcasting
 + Level 3.0 Conjurations
 + Level 3.0 Hexes
 + Level 3.0 Summonings
 + Level 3.0 Necromancy
 + Level 3.0 Translocations
 + Level 3.0 Transmutations
 + Level 3.0 Fire Magic
 + Level 3.0 Ice Magic
 + Level 3.0 Air Magic
 + Level 3.0 Earth Magic
 + Level 3.0 Poison Magic
 + Level 4.0 Invocations
 + Level 3.6 Evocations


You had 14 spell levels left.
You didn't know any spells.
Your spell library contained the following spells:

 Spells                   Type           Power      Damage    Failure   Level
 Pain                     Necr           28%        1d5       30%         1
 Agony                    Necr           7%         N/A       100%        5
 Excruciating Wounds      Necr           3%         N/A       100%        5
 Summon Small Mammal      Summ           Unusable   N/A       N/A         1
 Call Canine Familiar     Summ           Unusable   N/A       N/A         3
 Summon Guardian Golem    Hex/Summ       Unusable   N/A       N/A         3

Inventory:

Hand Weapons
 a - a +0 war axe (weapon) {axe}
 r - a +1 vorpal hunting sling {sling}
   (You took it off a goblin on level 2 of the Dungeon)
 t - a +0 mace of venom {mace}
   (You found it on level 2 of the Dungeon)
Missiles
 f - 148 stones {throwing}
 j - 75 bolts
 k - 7 atropa-tipped darts {throwing}
 l - 61 sling bullets
 p - 2 boomerangs (quivered) {throwing}
 y - 110 arrows
Armour
 b - a +0 scale mail (worn)
 c - a +0 buckler (worn)
Magical Staves
 s - a staff of fire {!astaff}
   (You found it on level 2 of the Dungeon)
Scrolls
 h - 3 scrolls of immolation {unknown}
 q - 3 scrolls of vulnerability {unknown}
 w - 2 scrolls of enchant weapon {unknown}
 x - a scroll of holy word {unknown}
 z - a scroll of fear {unknown}
 C - a scroll of teleportation {unknown}
 D - 3 scrolls of summoning {unknown}
 E - a scroll of enchant armour {unknown}
 G - a scroll of fog {unknown}
Potions
 d - 3 potions of might
 e - 4 potions of flight {unknown}
 g - 2 potions of ambrosia
 i - 6 potions of brilliance
 m - a potion of magic {unknown}
 n - a potion of curing {unknown}
 o - a potion of heal wounds {unknown}
 u - 4 potions of lignification {unknown}
 v - a potion of attraction {!q}
 A - a potion of invisibility {unknown}
 B - a potion of degeneration {unknown}
 F - a potion of haste {unknown}

Dungeon Overview and Level Annotations

Branches:
Dungeon (7/15)             Temple (1/1) D:7           Sewer (visited)

Altars:
Ashenzari
Cheibriados
Dithmenos
Fedhas
Gozag
Hepliaklqana
Kikubaaqudgha
Makhleb
Nemelex Xobeh
Okawaru
Qazlal
Sif Muna
Trog
Vehumet
Wu Jian
Xom
Yredelemnul
Zin
The Shining One

Shops:
D:5

: .# ∆ #. #.#.# .#
#.#.#####.#.# .# #..
#####.........#.# ## ....
................ # #...#
..#.##..#.##.##. .....####
##.#.....#.......
......#.#####.....##....#.##.
.........#.##..##....##.#..).
!..........)@.....##......##.
.........#.#o...#....>.##....
......#.#####...#.##......#..
..... ### #........##.#.# .
#... #..##.#.....#... ... ##
#.....#..##.. . #.
##..###..##.......## #
#............##.#..
#.........##....# .


You could see an orc warrior.


Message History

There is a staircase back to the Dungeon here.
You climb upwards.
Welcome back to the Dungeon!
There is a staircase to the Ecumenical Temple here.
l - 61 sling bullets (gained 25)
You hear a distant slurping noise.
You now have 252 gold pieces (gained 9).
An orc warrior and 2 orcs come into view.
The orc warrior shouts!
The orc shouts!
You hear a shout! x2
An orc comes into view. It is wielding a +0 club.
The orc shouts!
You block the orc's attack.
You slash the orc!
You kill the orc!
Okawaru accepts your kill.
The orc warrior hits you from afar with a +0 trident. 😕 HP[-5]
You take 5 damage, and now have 62/67 hp.
The orc warrior closely misses you.
Things that are here:
a +0 dagger {short}; an orc corpse You hit the orc warrior.
You block the orc warrior's attack.
You closely miss the orc warrior.
The orc warrior hits you but does no damage.
The orc hits you but does no damage.
You slash the orc!
You kill the orc!
Okawaru accepts your kill.
You closely miss the orc warrior.
The orc warrior hits you with a +0 trident. 😕 HP[-3]
You take 3 damage, and now have 59/67 hp.
You hit the orc. You barely miss the orc warrior.
The orc hits you but does no damage. You block the orc warrior's attack.
You closely miss the orc. Your bite misses the orc. You hit the orc warrior.
The orc hits you with a +0 dagger.
The orc warrior barely misses you. 😕 HP[-1]
You take 1 damage, and now have 58/67 hp.
You barely miss the orc.
You hit the orc warrior but do no damage.
The orc closely misses you.
The orc warrior hits you with a +0 trident!
The orc hits you with a +0 dagger. 😮 HP[-10]
You take 10 damage, and now have 48/67 hp.
You barely miss the orc. You slash the orc warrior!
The orc warrior closely misses you. The orc completely misses you.
The orc warrior hits you with a +0 trident! 😮 HP[-8]
You take 8 damage, and now have 40/67 hp.
You hit the orc warrior. You barely miss the orc. The orc barely misses you.
The orc warrior hits you with a +0 trident!
* * * LOW HITPOINT WARNING * * *
😨 HP[-12]
You take 12 damage, and now have 28/67 hp.
You hit the orc warrior but do no damage.
You hit the orc. The orc hits you with a +0 dagger.
* * * LOW HITPOINT WARNING * * *
The orc warrior closely misses you. 😨 HP[-4]
You take 4 damage, and now have 24/67 hp.
You hit the orc warrior but do no damage.
You hit the orc. The orc barely misses you. The orc warrior barely misses you.
You block the orc's attack.
You closely miss the orc warrior. You hit the orc.
You kill the orc!
Okawaru accepts your kill.
The orc warrior hits you but does no damage.
The orc warrior hits you with a +0 trident!
* * * LOW HITPOINT WARNING * * *
😱 HP[-12]
You take 12 damage, and now have 12/67 hp.
You hit the orc warrior. You block the orc warrior's attack.
You hit the orc warrior.
The orc warrior hits you with a +0 trident!
* * * LOW HITPOINT WARNING * * *
😱 HP[-10]
You take 10 damage, and now have 2/67 hp.
You are confused.
You feel invigorated.
The orc warrior hits you with a +0 trident.
* * * LOW HITPOINT WARNING * * *
You hit the orc warrior.
The orc warrior hits you with a +0 trident!
* * * LOW HITPOINT WARNING * * *
😱 HP[-1]
You take 1 damage, and now have 1/67 hp.
You're too confused to move!
You feel less invigorated.
You feel less confused.
You block the orc warrior's attack. 😱 HP[+4]
You regained 4 hp, and now have 5/67 hp.
You closely miss the orc warrior. You block the orc warrior's attack.
The orc warrior hits you with a +0 trident.
* * * LOW HITPOINT WARNING * * *
😱 HP[-4]
You take 4 damage, and now have 1/67 hp.
You closely miss the orc warrior.
The orc warrior hits you with a +0 trident.
You die...

Skill      XL: |  1  2  3  4  5  6  7  8 |
---------------+-------------------------+-----
Invocations    | 1 2 3 4 |  4.0
Short Blades   | 1 2 3 |  3.6
Long Blades    | 1 2 3 |  3.6
Maces & Flails | 1 2 3 |  3.6
Polearms       | 1 2 3 |  3.6
Staves         | 1 2 3 |  3.6
Slings         | 1 2 3 |  3.6
Bows           | 1 2 3 |  3.6
Crossbows      | 1 2 3 |  3.6
Throwing       | 1 2 3 |  3.6
Dodging        | 1 2 3 |  3.6
Stealth        | 1 2 3 |  3.6
Unarmed Combat | 1 2 3 |  3.6
Spellcasting   | 1 2 3 |  3.6
Evocations     | 1 2 3 |  3.6
Conjurations   | 1 2 3 |  3.0
Hexes          | 1 2 3 |  3.0
Summonings     | 1 2 3 |  3.0
Necromancy     | 1 2 3 |  3.0
Translocations | 1 2 3 |  3.0
Transmutations | 1 2 3 |  3.0
Fire Magic     | 1 2 3 |  3.0
Ice Magic      | 1 2 3 |  3.0
Air Magic      | 1 2 3 |  3.0
Earth Magic    | 1 2 3 |  3.0
Poison Magic   | 1 2 3 |  3.0
Axes           | 5 |  5.9
Fighting       | 7 |  7.6
Armour         | 7 |  7.6
Shields        | 7 |  7.6

Action                   |  1- 3 |  4- 6 |  7- 9 || total
-------------------------+-------+-------+-------++-------
Melee: War axe           |    88 |   132 |   261 ||   481
       Bite              |     8 |    14 |    34 ||    56
Throw: Dart              |       |     2 |       ||     2
       Boomerang         |       |       |    26 ||    26
       Stone             |       |       |     2 ||     2
  Use: Scroll            |       |     3 |       ||     3
       Potion            |       |       |     1 ||     1
Armor: Scale mail        |    56 |    54 |   113 ||   223
Dodge: Dodged            |    44 |    70 |   120 ||   234
Block: Buckler           |    45 |    47 |    73 ||   165

Levels and vault maps discovered:
D:1:      lemuel_arrival_room, layout_loops_ring
D:2:      layout_basic
D:3:      layout_basic, grunt_dithmenos_smoke,
          shapermc_ecumenical_altar_flowoftime, cheibrodos_sewer_entry_sluice,
          minmay_misc_feat_tower
D:4:      layout_loops_cross
D:5:      layout_rooms, serial_shops, shop
D:6:      layout_basic
D:7:      layout_basic, minmay_temple_entry_ruins, nicolae_figureground_sparkle
Temple:   mainiacjoe_temple_circle_huts

Notes
Turn   | Place    | Note
-------+----------+-------------------------------------------
     0 | D:1      | GrayStillPlays the Gnoll Fighter began the quest for the
                  | Orb.
     0 | D:1      | Reached XP level 1. HP: 23/23 MP: 1/1
     0 | D:1      | magus.rc [v1.9.6]
   808 | D:2      | Reached XP level 2. HP: 23/29 MP: 2/2
  1236 | D:2      | Reached XP level 3. HP: 35/35 MP: 3/3
  1246 | D:2      | Reached skill level 1 in Invocations
  1368 | D:2      | Reached skill level 1 in Short Blades
  1368 | D:2      | Reached skill level 1 in Long Blades
  1368 | D:2      | Reached skill level 1 in Maces & Flails
  1368 | D:2      | Reached skill level 1 in Polearms
  1368 | D:2      | Reached skill level 1 in Staves
  1368 | D:2      | Reached skill level 1 in Slings
  1368 | D:2      | Reached skill level 1 in Bows
  1368 | D:2      | Reached skill level 1 in Crossbows
  1368 | D:2      | Reached skill level 1 in Throwing
  1368 | D:2      | Reached skill level 1 in Dodging
  1368 | D:2      | Reached skill level 1 in Stealth
  1368 | D:2      | Reached skill level 1 in Unarmed Combat
  1368 | D:2      | Reached skill level 1 in Spellcasting
  1368 | D:2      | Reached skill level 1 in Evocations
  1656 | D:2      | Reached XP level 4. HP: 39/41 MP: 5/5
  1859 | D:3      | Found a glowing drain.
  1877 | Sewer    | Entered a sewer
  2132 | Sewer    | Noticed a water moccasin
  2140 | Sewer    | Killed a water moccasin
  2141 | Sewer    | Reached skill level 1 in Conjurations
  2141 | Sewer    | Reached skill level 1 in Hexes
  2141 | Sewer    | Reached skill level 1 in Summonings
  2141 | Sewer    | Reached skill level 1 in Necromancy
  2141 | Sewer    | Reached skill level 1 in Translocations
  2141 | Sewer    | Reached skill level 1 in Transmutations
  2141 | Sewer    | Reached skill level 1 in Fire Magic
  2141 | Sewer    | Reached skill level 1 in Ice Magic
  2141 | Sewer    | Reached skill level 1 in Air Magic
  2141 | Sewer    | Reached skill level 1 in Earth Magic
  2141 | Sewer    | Reached skill level 1 in Poison Magic
  2141 | Sewer    | Reached XP level 5. HP: 29/47 MP: 5/7
  2515 | D:3      | Reached XP level 6. HP: 53/53 MP: 8/8
  2521 | D:3      | Found a shadowy altar of Dithmenos.
  2558 | D:3      | Reached skill level 2 in Invocations
  2775 | D:3      | Reached skill level 5 in Axes
  2979 | D:3      | Found a faded altar of an unknown god.
  3042 | D:4      | Reached skill level 2 in Short Blades
  3042 | D:4      | Reached skill level 2 in Long Blades
  3042 | D:4      | Reached skill level 2 in Maces & Flails
  3042 | D:4      | Reached skill level 2 in Polearms
  3042 | D:4      | Reached skill level 2 in Staves
  3042 | D:4      | Reached skill level 2 in Slings
  3042 | D:4      | Reached skill level 2 in Bows
  3042 | D:4      | Reached skill level 2 in Crossbows
  3042 | D:4      | Reached skill level 2 in Throwing
  3042 | D:4      | Reached skill level 2 in Dodging
  3042 | D:4      | Reached skill level 2 in Stealth
  3042 | D:4      | Reached skill level 2 in Unarmed Combat
  3042 | D:4      | Reached skill level 2 in Spellcasting
  3042 | D:4      | Reached skill level 2 in Evocations
  3208 | D:4      | You pick up a book of Callings and begin reading...
  3208 | D:4      | You add the spells Summon Small Mammal, Call Canine
                  | Familiar and Summon Guardian Golem to your library.
  3426 | D:4      | Reached skill level 7 in Fighting
  3426 | D:4      | Reached skill level 7 in Armour
  3426 | D:4      | Reached skill level 7 in Shields
  3426 | D:4      | Reached XP level 7. HP: 26/60 MP: 10/10
  3633 | D:4      | Reached skill level 2 in Conjurations
  3633 | D:4      | Reached skill level 2 in Hexes
  3633 | D:4      | Reached skill level 2 in Summonings
  3633 | D:4      | Reached skill level 2 in Necromancy
  3633 | D:4      | Reached skill level 2 in Translocations
  3633 | D:4      | Reached skill level 2 in Transmutations
  3633 | D:4      | Reached skill level 2 in Fire Magic
  3633 | D:4      | Reached skill level 2 in Ice Magic
  3633 | D:4      | Reached skill level 2 in Air Magic
  3633 | D:4      | Reached skill level 2 in Earth Magic
  3633 | D:4      | Reached skill level 2 in Poison Magic
  4209 | D:4      | Reached skill level 3 in Invocations
  4297 | D:5      | Entered Level 5 of the Dungeon
  4535 | D:4      | HP: 12/60 [gnoll sergeant (4)]
  5193 | D:5      | Reached XP level 8. HP: 19/67 MP: 12/12
  5486 | D:5      | Found Tuulu's Book Shop.
  5628 | D:5      | Reached skill level 3 in Short Blades
  5628 | D:5      | Reached skill level 3 in Long Blades
  5628 | D:5      | Reached skill level 3 in Maces & Flails
  5628 | D:5      | Reached skill level 3 in Polearms
  5628 | D:5      | Reached skill level 3 in Staves
  5628 | D:5      | Reached skill level 3 in Slings
  5628 | D:5      | Reached skill level 3 in Bows
  5628 | D:5      | Reached skill level 3 in Crossbows
  5628 | D:5      | Reached skill level 3 in Throwing
  5628 | D:5      | Reached skill level 3 in Dodging
  5628 | D:5      | Reached skill level 3 in Stealth
  5628 | D:5      | Reached skill level 3 in Unarmed Combat
  5628 | D:5      | Reached skill level 3 in Spellcasting
  5628 | D:5      | Reached skill level 3 in Evocations
  6907 | D:6      | You pick up a book of Pain and begin reading...
  6907 | D:6      | You add the spells Pain, Agony and Excruciating Wounds to
                  | your library.
  6941 | D:6      | HP: 14/67 [something (5)]
  6952 | D:6      | HP: 15/67 [sky beast (2)]
  7259 | D:6      | Reached skill level 4 in Invocations
  7583 | D:6      | Reached skill level 3 in Conjurations
  7583 | D:6      | Reached skill level 3 in Hexes
  7583 | D:6      | Reached skill level 3 in Summonings
  7583 | D:6      | Reached skill level 3 in Necromancy
  7583 | D:6      | Reached skill level 3 in Translocations
  7583 | D:6      | Reached skill level 3 in Transmutations
  7583 | D:6      | Reached skill level 3 in Fire Magic
  7583 | D:6      | Reached skill level 3 in Ice Magic
  7583 | D:6      | Reached skill level 3 in Air Magic
  7583 | D:6      | Reached skill level 3 in Earth Magic
  7583 | D:6      | Reached skill level 3 in Poison Magic
  7829 | D:7      | Found a staircase to the Ecumenical Temple.
  7843 | Temple   | Entered the Ecumenical Temple
  8092 | Temple   | Became a worshipper of Warmaster Okawaru
  8163 | D:7      | HP: 12/67 [orc warrior (13)]
  8165 | D:7      | HP: 2/67 [orc warrior (10)]
  8170 | D:7      | Slain by an orc warrior

Vanquished Creatures
  A water moccasin (Sewer)
  A sky beast (D:6)
  A black bear (D:4)
  2 necrophages (D:6)
  3 phantoms
  A bullfrog (D:3)
  A gnoll sergeant (D:4)
  2 scorpions
  A wight (D:6)
  A bullfrog zombie (D:5)
  A centaur zombie (D:5)
  An orc priest (D:3)
  3 centaur skeletons
  2 hounds
  A jelly (D:4)
  4 iguanas
  A scorpion zombie (D:5)
  2 hound skeletons (D:5)
  6 adders
  4 gnolls (D:4)
  A worm (D:2)
  4 dart slugs
  17 orcs
  7 endoplasms
  A giant cockroach (D:3)
  5 goblins
  4 hobgoblins
  15 jackals
  7 kobolds
  A quokka (D:3)
  7 ball pythons
  7 bats
  5 frilled lizards
  A rat (D:3)
121 creatures vanquished.

Vanquished Creatures (others)
  A plant (D:3)
1 creature vanquished.

Grand Total: 122 creatures vanquished

Table legend:
 A = Non-vault XP
 B = Vault XP
 C = Vault XP percentage of total XP
 D = Non-vault monster count
 E = Vault monster count
 F = Vault count percentage of total count
                 A         B        C        D         E       F
            +---------+---------+-------+---------+---------+-------
      Total |    2107 |     152 |   6.7 |     114 |       7 |   5.8
            +---------+---------+-------+---------+---------+-------
        D:1 |       5 |       0 |   0.0 |       3 |       0 |   0.0
        D:2 |      83 |       0 |   0.0 |      30 |       0 |   0.0
        D:3 |     196 |       4 |   2.0 |      27 |       3 |  10.0
        D:4 |     735 |       0 |   0.0 |      28 |       0 |   0.0
        D:5 |     295 |       0 |   0.0 |      13 |       0 |   0.0
        D:6 |     742 |       0 |   0.0 |       9 |       0 |   0.0
        D:7 |      51 |       0 |   0.0 |       4 |       0 |   0.0
      Sewer |       0 |     148 | 100.0 |       0 |       4 | 100.0
            +---------+---------+-------+---------+---------+-------

Illustrated notes

Table legend:
 A = Kills in this place as a percentage of kills in entire the game.
 B = Kills by you in this place as a percentage of kills by you in the entire game.
 C = Kills by friends in this place as a percentage of kills by friends in the entire game.
 D = Other kills in this place as a percentage of other kills in the entire game.
 E = Experience gained in this place as a percentage of experience gained in the entire game.
 F = Experience gained in this place divided by the number of levels of this place that you have seen.
                   A       B       C       D       E      F
               +-------+-------+-------+-------+-------+----------------------
         Total | 100.0 | 100.0 |   N/A |   N/A | 100.0 | 251.0
       Dungeon |  96.7 |  96.7 |   N/A |   N/A |  93.4 | 301.6
         Sewer |   3.3 |   3.3 |   N/A |   N/A |   6.6 | 148.0
               +-------+-------+-------+-------+-------+----------------------

Table legend: (Time is in decaauts)
 A = Elapsed time spent in this place.
 B = Non-inter-level travel time spent in this place.
 C = Inter-level travel time spent in this place.
 D = Time resting spent in this place.
 E = Time spent auto-exploring this place.
 F = Levels seen in this place.
 G = Mean time per level.
                   A        B        C        D        E       F      G
               +--------+--------+--------+--------+--------+-----+--------+
         Total |   8330 |   8022 |    308 |    607 |   6194 |   9 |  925.6 |
       Dungeon |   7583 |   7292 |    291 |    495 |   5666 |   7 | 1083.3 |
        Temple |    261 |    244 |     17 |      0 |    224 |   1 |  261.0 |
         Sewer |    485 |    485 |      0 |    112 |    303 |   1 |  485.0 |
               +--------+--------+--------+--------+--------+-----+--------+

Top non-repeatable levels by time:
     D:4: 1796 daAuts
     D:6: 1491 daAuts
     D:5: 1178 daAuts
     D:2: 1122 daAuts
     D:3: 1105 daAuts
     D:1: 742 daAuts
   Sewer: 485 daAuts
  Temple: 261 daAuts
     D:7: 147 daAuts
